[Event "Titled Tuesday Blitz June 07 Early 2022"]
[White "Alinasab, Mobina"]
[Black "Valle Maytin, Luis Enrique"]
[WhiteFideId "12528897"]
[BlackFideId "3503666"]
[WhiteElo "2031"]
[BlackElo "2239"]
[Result "1-0"]
[Round "04"]
[TimeControl "180+1"]
[Date "2022.06.08"]
[WhiteClock "0:00:08"]
[BlackClock "0:00:10"]

1. e4 c6 2. d4 d5 3. Nd2 dxe4 4. Nxe4 Nf6 5. Nxf6+ exf6 6. c3 Bd6 7. Bd3 O-O 8. Qc2 Re8+ 9. Ne2 h5 10. Be3 Nd7 11. O-O-O Nf8 12. Nf4 g6 13. h4 f5 14. Kb1 Be6 15. Nxe6 Nxe6 16. g3 Qf6 17. Bc1 b5 18. d5 cxd5 19. Bxb5 Red8 20. Bc6 Rab8 21. Bxd5 Bc5 22. Bb3 Bb6 23. Rhe1 Nc5 24. Bg5 Rxd1+ 25. Rxd1 Qc6 26. Bd5 Qb5 27. Bf4 Re8 28. Be3 Na4 29. Bb3 Nc5 30. Bd5 Ne4 31. c4 Qb4 32. a3 Qe7 33. Bxb6 axb6 34. Re1 Qe5 35. Re3 Qd4 36. Bxe4 fxe4 37. Qc3 Qd1+ 38. Ka2 Qd6 39. Re1 f5 40. Re3 Qc5 41. Re2 Rc8 42. b3 b5 43. b4 Qxc4+ 44. Qxc4+ Rxc4 45. Kb2 Kf7 46. Rd2 Ke6 47. Rd8 Kf6 48. Rf8+ Ke5 49. Rb8 Kd4 50. Rd8+ Ke5 51. Kb3 Rc1 52. Rb8 Rf1 53. Rxb5+ Kd4 54. Rb6 Rxf2 55. Rd6+ Ke5 56. Rxg6 e3 57. Kc3 Rd2 58. Rg8 Rd6 59. Re8+ Kd5 60. Rxe3 Rc6+ 61. Kb3 Rf6 62. Rf3 Ke4 63. Rc3 Ke5 64. a4 Ke4 65. b5 Rg6 66. a5 Rxg3 67. Rxg3 f4 68. Rc3 f3 69. b6 f2 70. Rc1 Ke3 71. Rf1 Ke2 72. Rxf2+ Kxf2 73. b7 Kg3 74. b8=Q+ Kxh4 75. Qh8 Kg3 1-0


[Site "https://www.chess.com"]

[Event "Titled Tuesday Blitz June 07 Early 2022"]
[White "Alvarado Diaz, Alejandro"]
[Black "Terry, Renato"]
[WhiteFideId "2276119"]
[BlackFideId "3803457"]
[WhiteElo "2438"]
[BlackElo "2577"]
[Result "1/2-1/2"]
[Round "04"]
[TimeControl "180+1"]
[Date "2022.06.07"]
[WhiteClock "0:00:16"]
[BlackClock "0:00:12"]

1. d4 e6 2. c4 Bb4+ 3. Nc3 c5 4. dxc5 Bxc3+ 5. bxc3 Qa5 6. Nf3 Nf6 7. Qb3 Nc6 8. e3 Ne4 9. Be2 Nxc5 10. Qa3 d6 11. Nd4 Bd7 12. O-O Qxa3 13. Bxa3 Na5 14. Rfd1 Rc8 15. Rab1 b6 16. Nb5 Bxb5 17. cxb5 d5 18. Bb4 f5 19. f3 Rc7 20. Rbc1 Ncb7 21. e4 dxe4 22. fxe4 Kf7 23. exf5 exf5 24. Bf3 Rhc8 25. Bd5+ Kg6 26. c4 Nc5 27. Rc3 h6 28. Rg3+ Kh7 29. Re1 Ne4 30. Bxe4 fxe4 31. Bxa5 bxa5 32. Rxe4 Rxc4 33. Rxc4 Rxc4 34. Ra3 a4 35. Rf3 Rb4 36. Rf7 Rxb5 37. Rxa7 Rb1+ 38. Kf2 Rb2+ 39. Kg3 Rxa2 40. h4 h5 41. Kh3 Kh6 42. Ra6+ Kh7 43. Ra5 g6 44. Ra7+ Kg8 45. Kh2 Ra1 46. Kg3 a3 47. Kh2 Kf8 48. Kg3 Ra2 49. Ra6 Kf7 50. Kf3 Kg7 51. Kg3 Ra1 52. Kf3 Kf7 53. Kg3 Kg7 54. Kf3 Kh7 55. Kg3 Kh6 56. Kf3 Ra2 57. Kg3 Kg7 58. Kf3 Kf7 59. Kg3 Ke7 60. Kf3 Ra1 61. Kg3 Kf7 62. Kf3 a2 63. Kg3 Kg7 64. Kh2 Kh7 65. Kg3 Kg7 66. Kh2 Kf7 67. Kg3 Ke7 68. Kh2 Kd7 69. Ra8 Kc6 70. Ra7 Kd5 71. Ra8 Ke4 72. Ra4+ Ke3 73. Ra8 Kd3 74. Rd8+ Kc4 75. Rc8+ Kb3 76. Rb8+ Ka4 77. Ra8+ Kb5 78. Rb8+ Kc5 79. Ra8 Kd6 80. Ra7 Ke5 81. Ra8 Kf5 82. Ra7 Kf4 83. Ra4+ Kf5 84. Ra5+ Ke4 85. Ra4+ Ke3 86. Ra8 Kf4 87. Ra4+ Kf5 88. Ra5+ Kf6 89. Ra6+ Kg7 90. Ra7+ Kh6 91. Ra8 g5 92. Ra6+ Kg7 93. hxg5 h4 94. Ra8 Kg6 95. Ra5 Kh5 96. g6+ Kxg6 97. Ra6+ Kg5 98. Ra8 Kg4 99. Ra4+ Kf5 100. Ra8 Ke4 101. Ra4+ Kd3 102. Ra8 Kc4 103. Rc8+ Kb5 104. Rb8+ Ka6 105. Ra8+ Kb7 106. Ra3 Kb6 107. Ra4 Kb5 108. Ra8 Kc4 109. Rc8+ Kd3 110. Ra8 Kc2 111. Rc8+ Kb3 112. Rb8+ Kc4 113. Rc8+ 1/2-1/2


[Site "https://www.chess.com"]

[Event "Titled Tuesday Blitz June 07 Early 2022"]
[White "Bharath Subramaniyam H"]
[Black "Demchenko, Anton"]
[WhiteFideId "46634827"]
[BlackFideId "4160258"]
[WhiteElo "2242"]
[BlackElo "2539"]
[Result "0-1"]
[Round "04"]
[TimeControl "180+1"]
[Date "2022.06.07"]
[WhiteClock "0:00:12"]
[BlackClock "0:00:20"]

1. c4 Nf6 2. Nc3 g6 3. d4 Bg7 4. e4 d6 5. h3 O-O 6. Be3 e5 7. d5 Na6 8. g4 Nc5 9. f3 a5 10. Nge2 c6 11. Qd2 cxd5 12. cxd5 a4 13. Ng3 h5 14. Rg1 h4 15. Nge2 Qa5 16. Nc1 Bd7 17. Nd3 b6 18. Nxc5 bxc5 19. Bc4 Rfb8 20. Kf2 Ne8 21. Nd1 Qa7 22. Bg5 Bf6 23. Bxf6 Nxf6 24. Qg5 Kg7 25. Kg2 Rb4 26. Rc1 Nh7 27. Qxh4 g5 28. Qf2 Nf8 29. a3 Rbb8 30. Rc2 Ng6 31. Nc3 Nf4+ 32. Kg3 Rh8 33. Rh1 Rh4 34. Ne2 Ng6 35. Kg2 Rah8 36. Qg3 Qb8 37. Kf2 Bb5 38. Bxb5 Qxb5 39. Kg2 Qd3 40. Rhc1 Rxh3 41. Qxh3 Rxh3 42. Kxh3 Qxf3+ 43. Kh2 Qf2+ 44. Kh1 Qh4+ 45. Kg1 Qxg4+ 46. Kf1 Qxe4 47. Nc3 Qd3+ 48. Kg1 Nf4 49. Rh2 Qg3+ 50. Kh1 Qf3+ 51. Kg1 Qe3+ 0-1


[Site "https://www.chess.com"]

[Event "Titled Tuesday Blitz June 07 Early 2022"]
[White "Bortnyk, Mykola"]
[Black "Hua, Lefong"]
[WhiteFideId "14120836"]
[BlackFideId "2602253"]
[WhiteElo "2582"]
[BlackElo "2629"]
[Result "1-0"]
[Round "04"]
[TimeControl "180+1"]
[Date "2022.06.07"]
[WhiteClock "0:00:16"]
[BlackClock "0:00:09"]

1. e4 c5 2. c3 Nf6 3. e5 Nd5 4. Nf3 Nc6 5. d4 cxd4 6. cxd4 d6 7. Bc4 Nb6 8. Bb5 dxe5 9. Nxe5 Bd7 10. Nxd7 Qxd7 11. Nc3 e6 12. O-O Rd8 13. Qf3 Be7 14. Rd1 O-O 15. Be3 a6 16. Bd3 Nd5 17. Rac1 Nxc3 18. bxc3 b5 19. c4 Nb4 20. Bb1 bxc4 21. Rxc4 Nd5 22. Qe4 g6 23. Bh6 Rfe8 24. h4 Bf8 25. Bxf8 Rxf8 26. Bd3 Rc8 27. Qe5 Rxc4 28. Bxc4 a5 29. h5 Rc8 30. h6 f6 31. Qe2 Kf7 32. Rb1 Rc7 33. Rb8 Rc8 34. Rb5 Qc7 35. Rc5 Qd8 36. Bxd5 exd5 37. Qb5 Rxc5 38. Qxc5 Kg8 39. g3 a4 40. a3 Kf7 41. Qc6 f5 42. Qxa4 Qg5 43. Qd7+ Kf8 44. Qxh7 Qc1+ 45. Kh2 1-0


[Site "https://www.chess.com"]

[Event "Titled Tuesday Blitz June 07 Early 2022"]
[White "Cardoso Cardoso, Jose Gabriel"]
[Black "Maghsoodloo, Parham"]
[WhiteFideId "4430492"]
[BlackFideId "12539929"]
[WhiteElo "2485"]
[BlackElo "2607"]
[Result "0-1"]
[Round "04"]
[TimeControl "180+1"]
[Date "2022.06.07"]
[WhiteClock "0:00:04"]
[BlackClock "0:00:39"]

1. c4 e5 2. Nc3 Nc6 3. Nf3 Nf6 4. e3 Bb4 5. Qc2 Bxc3 6. Qxc3 Qe7 7. d4 exd4 8. Nxd4 Ne4 9. Qd3 O-O 10. Be2 Qb4+ 11. Kf1 Re8 12. a3 Qd6 13. b4 a5 14. b5 Qf6 15. Bf3 Nc5 16. Qd1 Ne5 17. Qe2 Nxf3 18. Qxf3 Qxf3 19. Nxf3 b6 20. Ke2 a4 21. Rd1 Bb7 22. Bb2 Rad8 23. Bd4 Nb3 24. Rab1 d5 25. cxd5 Rxd5 26. Bc3 Rxb5 27. Nd4 Rc5 28. Bb4 Ba6+ 29. Ke1 Rg5 30. Nxb3 axb3 31. g3 c5 32. Bc3 c4 33. Bd4 b5 34. Kd2 Bb7 35. Kc3 Ra8 36. Kb2 Bf3 37. Rd2 Rf5 38. Bc3 Be4 39. Re1 Bd3 40. f4 Re8 41. e4 Rh5 42. e5 Rh3 43. Bb4 h5 44. Bd6 h4 45. g4 g6 46. Rf2 Bc2 47. Bb4 Rc8 48. Bc3 b4 49. axb4 Ra8 50. Ra1 Rxa1 51. Kxa1 Rxc3 52. Kb2 Re3 0-1


[Site "https://www.chess.com"]

[Event "Titled Tuesday Blitz June 07 Early 2022"]
[White "Chojnacki, Slawomir"]
[Black "Onslow, Alfie"]
[WhiteFideId "1117076"]
[BlackFideId "436976"]
[WhiteElo "2084"]
[BlackElo "1885"]
[Result "0-1"]
[Round "04"]
[TimeControl "180+1"]
[Date "2022.06.08"]
[WhiteClock "0:01:25"]
[BlackClock "0:00:06"]

1. d4 Nf6 2. Nf3 c5 3. c3 g6 4. Bf4 Qb6 5. Qb3 d6 6. e3 Bg7 7. Nbd2 O-O 8. Be2 Nc6 9. O-O Be6 10. Qxb6 axb6 11. a3 Nh5 12. Bg5 h6 13. Bh4 g5 14. Bg3 Nxg3 15. hxg3 Na5 16. Rad1 Nb3 17. Nxb3 Bxb3 18. Rc1 Ba4 19. Nd2 Bc6 20. Bf3 Bb5 21. Rfe1 Ba6 22. g4 Rfc8 23. Ne4 Rc7 24. Ng3 e6 25. Rcd1 d5 26. Nh5 Bh8 27. g3 Bc4 28. Bg2 Bb3 29. Rd2 Kh7 30. f4 Kg6 31. Rf2 f5 32. Bh3 Rf8 33. Kg2 Rcf7 34. gxf5+ exf5 35. g4 fxg4 36. Bxg4 b5 37. f5+ Kh7 38. dxc5 Be5 39. e4 d4 40. cxd4 Bxd4 41. Rd2 Bxc5 42. Rc1 Bb6 43. e5 Rxf5 44. Bxf5+ Rxf5 45. Rd7+ Kg6 46. Ng3 Rxe5 47. Rd6+ Re6 48. Rxe6+ Bxe6 49. Re1 Bd5+ 50. Kh2 Kf6 51. Rd1 Ke5 52. Re1+ Kf4 53. Ne2+ Kg4 54. Nc3 Bc7+ 55. Kg1 Bf3 56. Re7 Bb6+ 57. Kf1 Kg3 58. Ne2+ Kg4 59. Ng1 Bc6 60. Re6 h5 61. Ne2 h4 62. Nc3 h3 63. Ne4 Kf5 64. Nxg5 Kxg5 65. Re7 h2 66. Rh7 h1=Q+ 67. Rxh1 Bxh1 68. Ke2 Bc6 69. Kd3 Kf5 70. Kc3 Ke5 71. Kb3 Kd5 0-1


[Site "https://www.chess.com"]

[Event "Titled Tuesday Blitz June 07 Early 2022"]
[White "Costachi, Mihnea"]
[Black "Papasimakopoulos, Alexandros"]
[WhiteFideId "1217518"]
[BlackFideId "4244125"]
[WhiteElo "2476"]
[BlackElo "2340"]
[Result "1/2-1/2"]
[Round "04"]
[TimeControl "180+1"]
[Date "2022.06.07"]
[WhiteClock "0:00:12"]
[BlackClock "0:00:20"]

1. d4 e6 2. c4 Nf6 3. Nf3 Bb4+ 4. Bd2 Qe7 5. g3 Nc6 6. Nc3 b6 7. Bg2 Na5 8. b3 Bb7 9. O-O O-O 10. Qc2 Rfd8 11. Rfe1 Bxc3 12. Bxc3 Be4 13. Qd2 Nb7 14. Bh3 h6 15. Qe3 Nd6 16. Bb4 a5 17. Ba3 Qe8 18. Nd2 Bb7 19. Bxd6 cxd6 20. Qd3 d5 21. Bg2 dxc4 22. Nxc4 Bxg2 23. Kxg2 Rab8 24. Rac1 Qe7 25. Ne5 Qa3 26. Rc2 Nd5 27. Qd2 f6 28. e4 fxe5 29. exd5 exd4 30. Qxd4 Qd6 31. Rd2 Qxd5+ 32. Qxd5 exd5 33. Rxd5 Kf7 34. Rd6 Rb7 35. Re5 Re8 36. Red5 Re7 37. a4 Ke8 38. Kf3 Re6 39. Kf4 Ke7 40. Rxe6+ dxe6 41. Rd3 b5 42. axb5 Rxb5 43. h4 Rb4+ 44. Ke5 Rb5+ 45. Ke4 Rb4+ 46. Kf3 e5 47. Rc3 a4 48. bxa4 Rxa4 49. Rc6 Kf7 50. Kg2 Ra2 51. g4 Rb2 52. Kg3 Rb3+ 53. Kg2 Rb2 54. Ra6 Rc2 55. Rb6 Ra2 56. Rb4 Kf6 57. Kg3 Ra3+ 58. f3 Ra6 59. Rc4 Rb6 60. Ra4 Rc6 61. Ra8 Rc3 62. Re8 Rc2 63. Rf8+ Ke7 64. Ra8 Kf6 65. Ra6+ Kf7 66. g5 hxg5 67. hxg5 Rc4 68. Rd6 Rf4 69. Rd5 Ke6 70. Ra5 Kf5 71. g6 Rc4 72. Ra6 Rc1 73. Kg2 Rc2+ 74. Kg3 Rb2 75. Rc6 Ra2 76. Rb6 Ra8 77. Rc6 Rh8 78. Rc7 Kxg6 79. Kg4 Rf8 80. Re7 Rf4+ 81. Kg3 Kf6 82. Ra7 g6 83. Ra6+ Kf5 84. Ra8 Rb4 85. Rf8+ Kg5 86. Re8 Kf6 87. Rf8+ Ke7 88. Rg8 Kf7 89. Ra8 Rb3 90. Kg4 Rb1 91. Ra7+ Ke6 92. Ra6+ Kf7 93. Ra7+ Kf6 94. Ra6+ Kg7 95. Re6 Re1 96. Kg3 Kf7 97. Ra6 e4 98. fxe4 Rxe4 99. Rb6 Kg7 100. Rc6 Kh6 101. Rc5 Ra4 102. Rd5 g5 103. Rd8 Kg7 104. Rd6 g4 105. Re6 Rb4 106. Ra6 Rc4 107. Kh4 g3+ 108. Kxg3 Rc7 109. Rb6 Rf7 110. Rb3 Rf6 111. Re3 Rg6+ 112. Kf4 Rf6+ 113. Ke5 Rg6 114. Rh3 Rg1 115. Ra3 Re1+ 116. Kf5 Rf1+ 117. Ke6 Re1+ 118. Kf5 Rf1+ 119. Ke6 Re1+ 120. Kf5 1/2-1/2


[Site "https://www.chess.com"]

[Event "Titled Tuesday Blitz June 07 Early 2022"]
[White "Daneshvar, Bardiya"]
[Black "Kozak, Adam"]
[WhiteFideId "12576468"]
[BlackFideId "753246"]
[WhiteElo "2303"]
[BlackElo "2459"]
[Result "1-0"]
[Round "04"]
[TimeControl "180+1"]
[Date "2022.06.07"]
[WhiteClock "0:00:12"]
[BlackClock "0:00:01"]

1. b3 a5 2. e4 a4 3. Nf3 e6 4. bxa4 Rxa4 5. d4 b6 6. Bd3 Ba6 7. O-O Bxd3 8. Qxd3 Qc8 9. Nc3 Ra8 10. e5 Qb7 11. d5 Na6 12. Qc4 Ne7 13. dxe6 dxe6 14. Be3 Qc6 15. Qd3 Nf5 16. Nd4 Nxd4 17. Bxd4 Nb4 18. Qe2 Be7 19. a3 Nd5 20. Ne4 Ra4 21. c3 Nxc3 22. Nxc3 Rxd4 23. Nb5 Rd7 24. a4 O-O 25. Qg4 Bc5 26. Kh1 Rfd8 27. f4 Qe4 28. Rae1 Qxa4 29. Nc3 Qc4 30. Ne4 Kh8 31. Qh5 h6 32. Ng5 Rd4 33. Nxf7+ Kg8 34. Nxd8 Rxd8 35. f5 exf5 36. e6 Qb4 37. Qf7+ Kh7 38. e7 Rd7 39. Qxf5+ g6 40. Qxd7 1-0


[Site "https://www.chess.com"]

[Event "Titled Tuesday Blitz June 07 Early 2022"]
[White "Deuer, Marius"]
[Black "Santos Ruiz, Miguel"]
[WhiteFideId "16236432"]
[BlackFideId "22291482"]
[WhiteElo "2091"]
[BlackElo "2475"]
[Result "0-1"]
[Round "04"]
[TimeControl "180+1"]
[Date "2022.06.07"]
[WhiteClock "0:00:02"]
[BlackClock "0:00:06"]

1. e4 c5 2. Nf3 d6 3. c3 Nf6 4. Bd3 g6 5. O-O Bg7 6. h3 O-O 7. Bc2 e5 8. d4 exd4 9. cxd4 cxd4 10. Nxd4 Nc6 11. Be3 d5 12. Nxc6 bxc6 13. Nc3 Ba6 14. Re1 Re8 15. Bd4 Rb8 16. exd5 Rxe1+ 17. Qxe1 cxd5 18. Bb3 Bc4 19. Bxa7 Ra8 20. Bd4 Bxb3 21. axb3 Rb8 22. Ra7 Rxb3 23. Qe2 Rb8 24. g3 h6 25. Kg2 Ra8 26. Rxa8 Qxa8 27. Qf3 Ne4 28. Bxg7 Kxg7 29. Nxe4 dxe4 30. Qe3 Qb7 31. Kh2 Qxb2 32. Kg2 Qe5 33. Qe2 h5 34. Qe3 Qf5 35. h4 Kg8 36. Qd4 Kf8 37. Qd8+ Kg7 38. Qd4+ Kh7 39. Qe3 Qe5 40. Qa7 Kg7 41. Qe3 Kf6 42. Qb6+ Qe6 43. Qe3 Qf5 44. Qd4+ Ke6 45. Qb6+ Kd5 46. Qb5+ Kd6 47. Qb6+ Kd7 48. Qb7+ Ke6 49. Qc6+ Ke7 50. Qc7+ Kf6 51. Qc3+ Qe5 52. Qc6+ Kg7 53. Qb6 Qd5 54. Qe3 Kf6 55. Qb6+ Ke5 56. Qe3 Qd3 57. Qf4+ Ke6 58. Qb8 Qf3+ 59. Kg1 Qd1+ 60. Kg2 Qf3+ 61. Kg1 Kf6 62. Qd6+ Kg7 63. Qd4+ Kg8 64. Qd8+ Kh7 65. Qd4 Qd3 66. Qa7 Kg7 67. Qc5 Qd1+ 68. Kg2 Qf3+ 69. Kg1 Kf6 70. Qd6+ Kf5 71. Qc5+ Kg4 72. Qc8+ f5 73. Qg8 Kh3 74. Qh8 Qg2# 0-1


[Site "https://www.chess.com"]

[Event "Titled Tuesday Blitz June 07 Early 2022"]
[White "Dubov, Daniil"]
[Black "Chigaev, Maksim"]
[WhiteFideId "24126055"]
[BlackFideId "4108116"]
[WhiteElo "2791"]
[BlackElo "2457"]
[Result "1/2-1/2"]
[Round "04"]
[TimeControl "180+1"]
[Date "2022.06.07"]
[WhiteClock "0:00:05"]
[BlackClock "0:00:04"]

1. c4 c6 2. Nf3 d5 3. g3 Nf6 4. Bg2 e6 5. O-O Be7 6. b3 O-O 7. Bb2 b6 8. Qc2 Bb7 9. d4 Na6 10. Nbd2 c5 11. dxc5 Nxc5 12. Ng5 h6 13. Bxf6 hxg5 14. Bb2 Rc8 15. Rad1 Bf6 16. b4 Nd7 17. Bxf6 Nxf6 18. Qa4 Qc7 19. Rc1 Bc6 20. b5 Ba8 21. Qa3 dxc4 22. Bxa8 Rxa8 23. Rxc4 Qd7 24. Qb2 Rac8 25. Rd4 Qc7 26. Rc4 Qd6 27. Rd4 Qc5 28. Rc4 Qf5 29. Rfc1 Rcd8 30. Nf3 Ne4 31. Qe5 Nd6 32. Qxf5 exf5 33. Rb4 g4 34. Nd4 Rd7 35. e3 g6 36. Rc6 Ne4 37. a4 Rfd8 38. Rbc4 Kg7 39. Kg2 Re8 40. Rc7 Ree7 41. Rxd7 Rxd7 42. Rc8 Nf6 43. Kf1 Nd5 44. Ke2 Re7 45. Kd3 Nf6 46. Rc6 Rd7 47. Ke2 Ne4 48. Rc8 Re7 49. Rc2 Rd7 50. Rc8 Re7 51. Rc6 Rd7 52. a5 bxa5 53. Ra6 a4 54. Ke1 Nc3 55. Rc6 Nd5 56. Rc4 Nb6 57. Rc5 a3 58. Rc3 a2 59. Ra3 Nd5 60. Rxa2 Rc7 61. Ra6 Nb4 62. Ra4 Nd3+ 63. Ke2 Ne5 64. Ra2 Kf6 65. Kf1 Kg7 66. Kg2 Rb7 67. Ra6 Nd3 68. Rd6 Nc5 69. Rc6 Ne4 70. Rc2 Rd7 71. Ra2 Nc3 72. Rc2 Nd5 73. Ra2 Nc3 74. Rc2 Ne4 75. Ra2 Kh7 76. Nc6 Rb7 77. Rxa7 Rxb5 78. Rxf7+ Kh6 79. Nd4 Rb2 80. Nxf5+ gxf5 81. Rxf5 Kg6 82. Rf4 Nf6 83. h3 gxh3+ 84. Kxh3 Nh5 85. Rf3 Nf6 86. Kg2 Nd5 87. g4 Nf6 88. Kg3 Ne4+ 89. Kg2 Nf6 90. Rf4 Nd5 91. Re4 Nf6 92. Rd4 Rb5 93. Kg3 Rb6 94. f4 Ra6 95. g5 Ne8 96. Kg4 Ng7 97. e4 Kf7 98. f5 Ra1 99. Rd7+ Kg8 100. g6 Ne8 101. Re7 Rg1+ 102. Kf4 Nf6 103. Ke5 Nh5 104. Rb7 Rg4 105. Rb8+ Kg7 106. Rb7+ Kg8 107. Rb4 Kg7 108. Ke6 Nf4+ 109. Ke7 Nd3 110. Rd4 Nc5 111. Rd5 Rxe4+ 112. Kd6 Nb3 113. Re5 Rd4+ 114. Ke7 Ra4 115. f6+ Kxg6 116. f7 Ra7+ 117. Ke8 Rxf7 118. Re6+ Kg7 119. Re7 Rxe7+ 120. Kxe7 1/2-1/2


[Site "https://www.chess.com"]

[Event "Titled Tuesday Blitz June 07 Early 2022"]
[White "Durarbayli, Vasif"]
[Black "Gunina, Valentina"]
[WhiteFideId "13402935"]
[BlackFideId "4167570"]
[WhiteElo "2528"]
[BlackElo "2386"]
[Result "1-0"]
[Round "04"]
[TimeControl "180+1"]
[Date "2022.06.07"]
[WhiteClock "0:00:08"]
[BlackClock "0:00:06"]

1. e4 c6 2. Nf3 d5 3. Nc3 dxe4 4. Nxe4 Nf6 5. Qe2 Nxe4 6. Qxe4 Nd7 7. d4 Nf6 8. Qd3 g6 9. Qb3 Bg7 10. Bc4 O-O 11. h3 b5 12. Be2 Be6 13. Qe3 Nd5 14. Qg5 Bf5 15. c3 b4 16. c4 Nc7 17. Qh4 c5 18. Be3 Ne6 19. d5 Bxb2 20. Rd1 Bc3+ 21. Kf1 Nd4 22. Ng5 h5 23. g4 Bc2 24. Bxd4 Bxd1 25. gxh5 Bxe2+ 26. Kxe2 cxd4 27. hxg6 Kg7 28. Qh7+ Kf6 29. Ne4+ Ke5 30. Kd3 Qd7 31. f4+ Kxf4 32. Qh4+ Ke5 33. Qg3+ 1-0


[Site "https://www.chess.com"]

[Event "Titled Tuesday Blitz June 07 Early 2022"]
[White "Golubev, Mikhail"]
[Black "Morefield, Jason"]
[WhiteFideId "14100983"]
[BlackFideId "30920825"]
[WhiteElo "2374"]
[BlackElo "2171"]
[Result "0-1"]
[Round "04"]
[TimeControl "180+1"]
[Date "2022.06.08"]
[WhiteClock "0:00:02"]
[BlackClock "0:00:02"]

1. e4 d6 2. d4 Nf6 3. Nc3 g6 4. h3 Bg7 5. Nf3 O-O 6. Be3 c6 7. a4 Qa5 8. Nd2 Nbd7 9. Be2 e5 10. O-O exd4 11. Bxd4 Re8 12. Nc4 Qc7 13. Bxf6 Bxf6 14. Nxd6 Re6 15. Nxf7 Kxf7 16. Bc4 Nb6 17. Bxe6+ Bxe6 18. f4 Bc4 19. e5 Bxf1 20. Qxf1 Be7 21. a5 Nd5 22. Qc4 Rd8 23. Rd1 Qxa5 24. Kh2 Kg7 25. Ne4 Nxf4 26. Rxd8 Bxd8 27. Nd6 Qxe5 28. Qf7+ Kh6 29. Qf8+ Kh5 30. g4+ Kh4 31. Qxd8+ Qg5 32. Qd7 h5 33. Nf7 Qf6 0-1


[Site "https://www.chess.com"]

[Event "Titled Tuesday Blitz June 07 Early 2022"]
[White "Grigorov, Grigor"]
[Black "Jeet, Jain"]
[WhiteFideId "2907313"]
[BlackFideId "5073022"]
[WhiteElo "2510"]
[BlackElo "2055"]
[Result "0-1"]
[Round "04"]
[TimeControl "180+1"]
[Date "2022.06.07"]
[WhiteClock "0:00:07"]
[BlackClock "0:00:17"]

1. d4 d5 2. c4 c6 3. cxd5 cxd5 4. Nc3 Nf6 5. Bf4 a6 6. e3 Nc6 7. Bd3 Bg4 8. Nge2 e6 9. O-O Bd6 10. Qd2 Bxe2 11. Nxe2 Bxf4 12. Nxf4 O-O 13. Rfc1 Rc8 14. Be2 Qa5 15. Qxa5 Nxa5 16. Nd3 Ne4 17. f3 Nd6 18. Kf2 Rxc1 19. Rxc1 Rc8 20. Rc5 Rxc5 21. dxc5 Ne8 22. b4 Nc6 23. e4 Nc7 24. Ke3 Kf8 25. a3 Ke7 26. Bd1 f6 27. exd5 Nxd5+ 28. Kd2 g5 29. Bb3 Nc7 30. Bc4 h5 31. Kc3 h4 32. a4 Na7 33. Nf2 f5 34. Nd3 Kf6 35. g3 hxg3 36. hxg3 e5 37. Nf2 Ne6 38. Bd5 Nc6 39. Kc4 Nc7 40. Bxc6 bxc6 41. g4 Ke6 42. gxf5+ Kxf5 43. Ne4 Kf4 44. Nf6 Kxf3 45. Nd7 Kf4 46. Nb8 g4 47. Nxc6 g3 0-1


[Site "https://www.chess.com"]

[Event "Titled Tuesday Blitz June 07 Early 2022"]
[White "Grischuk, Alexander"]
[Black "Rustemov, Alexander"]
[WhiteFideId "4126025"]
[BlackFideId "4119002"]
[WhiteElo "2762"]
[BlackElo "2784"]
[Result "1/2-1/2"]
[Round "04"]
[TimeControl "180+1"]
[Date "2022.06.07"]
[WhiteClock "0:00:08"]
[BlackClock "0:00:38"]

1. d4 d5 2. Nf3 Nf6 3. Bf4 c5 4. e3 Nc6 5. Nbd2 Bg4 6. c3 e6 7. Qa4 Bxf3 8. Nxf3 a6 9. Ne5 Rc8 10. Nxc6 Qd7 11. Bd3 Rxc6 12. O-O Bd6 13. Bg5 Be7 14. Qd1 O-O 15. Qf3 Rfc8 16. Qh3 h6 17. Bxf6 Bxf6 18. f4 b5 19. a3 R6c7 20. g4 Qe7 21. g5 Bxg5 22. fxg5 Qxg5+ 23. Kh1 f5 24. Rf3 Qf6 25. Rg1 g5 26. Qh5 Rg7 27. h4 c4 28. Bc2 Qg6 29. Qxg6 Rxg6 30. hxg5 hxg5 31. Rh3 Kg7 32. Kg2 Rh8 33. Rxh8 Kxh8 34. Rh1+ Kg7 35. a4 Rh6 36. Rxh6 Kxh6 37. Kg3 Kg6 38. axb5 axb5 39. b3 Kf6 40. Kf3 Ke7 41. b4 Kf6 42. Kf2 Kg6 43. Kg3 Kf6 44. Bd1 Kg6 45. Be2 Kf6 46. Bh5 Ke7 47. Bg6 Kd7 48. Kf3 Ke7 49. Kf2 Kd7 50. Kg3 Ke7 51. Bh5 Kd7 52. Kf3 Ke7 53. Kf2 Kd7 54. Kg2 Ke7 55. Kg3 Kd7 56. Kh3 Ke7 57. Kh2 Kd7 58. Kg1 Ke7 59. Kf1 Kd7 60. Kf2 Ke7 61. Kg3 1/2-1/2


[Site "https://www.chess.com"]

[Event "Titled Tuesday Blitz June 07 Early 2022"]
[White "Harvey, Marcus R"]
[Black "Bortnyk, Olexandr"]
[WhiteFideId "400092"]
[BlackFideId "14120828"]
[WhiteElo "2485"]
[BlackElo "2723"]
[Result "1/2-1/2"]
[Round "04"]
[TimeControl "180+1"]
[Date "2022.06.07"]
[WhiteClock "0:00:11"]
[BlackClock "0:00:05"]

1. e4 Nf6 2. e5 Nd5 3. d4 d6 4. Nf3 dxe5 5. Nxe5 c6 6. Be2 Bf5 7. O-O Nd7 8. Nf3 e6 9. c4 N5f6 10. Nc3 Bd6 11. Nh4 Bg6 12. g3 O-O 13. Be3 e5 14. Nxg6 hxg6 15. Bf3 exd4 16. Qxd4 Ne5 17. Be2 Qe7 18. Rad1 Rfd8 19. c5 Bc7 20. Qh4 Qe6 21. Kg2 Nd5 22. Nxd5 Rxd5 23. Qa4 Rad8 24. Qb3 b5 25. cxb6 Bxb6 26. Bxb6 axb6 27. Rxd5 Rxd5 28. Rd1 Qd6 29. Rxd5 cxd5 30. Qc3 Kh7 31. Qd4 g5 32. Bd1 g6 33. Bb3 g4 34. Qxd5 Qf6 35. Qe4 Qd6 36. Qd5 Qf6 37. Qe4 Qe7 38. Bxf7 Qxf7 39. Qxe5 Qf3+ 40. Kg1 Qd1+ 41. Kg2 Qf3+ 42. Kg1 Qd1+ 43. Kg2 Qf3+ 1/2-1/2


[Site "https://www.chess.com"]

[Event "Titled Tuesday Blitz June 07 Early 2022"]
[White "Ivic, Velimir"]
[Black "Jakubowski, Krzysztof"]
[WhiteFideId "950122"]
[BlackFideId "1112848"]
[WhiteElo "2610"]
[BlackElo "2365"]
[Result "1-0"]
[Round "04"]
[TimeControl "180+1"]
[Date "2022.06.07"]
[WhiteClock "0:00:03"]
[BlackClock "0:00:02"]

1. c4 Nf6 2. g3 e6 3. Bg2 d5 4. d4 Bb4+ 5. Bd2 Be7 6. Nf3 O-O 7. O-O Nbd7 8. Qc2 c6 9. Rc1 a5 10. Bf4 Ne4 11. Nbd2 g5 12. Be3 Nd6 13. b3 f5 14. Nf1 h5 15. Ne5 Qe8 16. f4 h4 17. fxg5 Nxe5 18. dxe5 Ne4 19. Bf4 Nxg5 20. e3 Bd7 21. gxh4 Ne4 22. Ng3 Bxh4 23. Nxe4 fxe4 24. Kh1 Qh5 25. Rg1 Kh8 26. Qd1 Qxd1 27. Raxd1 Be8 28. Bh3 Bf7 29. Rg4 Be7 30. Bh6 Rg8 31. Rf1 Rxg4 32. Rxf7 Rh4 33. Bg7+ Kg8 34. Bxe6 Bg5 35. Bf6 Bxf6 36. exf6 Kh8 37. cxd5 cxd5 38. Bxd5 Rd8 39. Re7 Rg4 40. f7 Kg7 41. Re8 1-0


[Site "https://www.chess.com"]

[Event "Titled Tuesday Blitz June 07 Early 2022"]
[White "Kamsky, Gata"]
[Black "Dronavalli, Harika"]
[WhiteFideId "2000024"]
[BlackFideId "5015197"]
[WhiteElo "2645"]
[BlackElo "2382"]
[Result "1-0"]
[Round "04"]
[TimeControl "180+1"]
[Date "2022.06.07"]
[WhiteClock "0:00:42"]
[BlackClock "0:00:12"]

1. d4 Nf6 2. Nf3 d6 3. Bg5 Nbd7 4. Nbd2 h6 5. Bh4 g5 6. Bg3 Nh5 7. e4 Bg7 8. c3 c5 9. d5 a6 10. a4 Nf8 11. Nc4 Nxg3 12. hxg3 Ng6 13. a5 Bg4 14. Qa4+ Qd7 15. Qxd7+ Bxd7 16. Nb6 Rb8 17. Nxd7 Kxd7 18. Nd2 e6 19. Nc4 Ne5 20. Nb6+ Kc7 21. O-O-O Nd7 22. Nc4 exd5 23. Rxd5 Nf6 24. Rf5 Rhe8 25. Bd3 Rbd8 26. Ne3 Kb8 27. f3 Rd7 28. Bc4 g4 29. Kd2 h5 30. Ke2 Re5 31. Rd1 Kc7 32. Rxe5 dxe5 33. Rxd7+ Kxd7 34. Bxf7 Bh6 35. Nc4 Ke7 36. Bd5 gxf3+ 37. gxf3 Nd7 38. Bxb7 Nb8 39. Nxe5 Bc1 40. Nd3 1-0


[Site "https://www.chess.com"]

[Event "Titled Tuesday Blitz June 07 Early 2022"]
[White "Khamdamova, Afruza"]
[Black "Saveliev, Alexei"]
[WhiteFideId "14210444"]
[BlackFideId "24128546"]
[WhiteElo "1660"]
[BlackElo "2281"]
[Result "0-1"]
[Round "04"]
[TimeControl "180+1"]
[Date "2022.06.08"]
[WhiteClock "0:00:02"]
[BlackClock "0:00:06"]

1. e4 g6 2. d4 Bg7 3. Nc3 d6 4. Be3 Nc6 5. Qd2 e5 6. Nge2 f5 7. dxe5 Nxe5 8. exf5 Bxf5 9. Nd4 Nf6 10. Nxf5 gxf5 11. O-O-O O-O 12. Bh6 Qd7 13. Bxg7 Qxg7 14. f4 Ned7 15. Bd3 Qg6 16. h3 Nc5 17. Bc4+ Kh8 18. g4 Nfe4 19. Nxe4 Nxe4 20. Qd4+ Qf6 21. gxf5 Qxd4 22. Rxd4 Rae8 23. Bd5 Ng3 24. Rh2 Ne2+ 25. Rxe2 Rxe2 26. Bxb7 Rxf5 27. Bc8 Rc5 28. c3 Kg7 29. Bg4 Re7 30. f5 Kf6 31. Kc2 a5 32. a3 Re3 33. Kd2 Rg3 34. Re4 Rg2+ 35. Kc1 Re5 36. Bf3 Rg3 37. Rxe5 Kxe5 38. Bg4 Rg2 39. b4 a4 40. Bd1 Ra2 41. Bxa4 Rxa3 42. Bc2 Ra1+ 43. Kb2 Rh1 44. f6 h6 45. f7 Rf1 46. Bg6 Rf6 47. Bh5 Kf4 48. h4 Kg3 49. Bg6 Kxh4 50. Kb3 Kg5 51. Bd3 Rxf7 52. Kc4 h5 53. Kd5 h4 54. Kc6 Rg7 55. Be4 h3 56. c4 Kf4 57. Bd5 Kg3 58. b5 h2 59. c5 dxc5 60. Kxc5 Kf2 0-1


[Site "https://www.chess.com"]